 Dungeon Crawl Stone Soup version 0.31-a0-182-gc5ef74bbde (webtiles) character file.

Game seed: 16764347662928221745

1001 frimble the Ruffian (level 8, -1/51 HPs)
             Began as an Octopode Warper on June 20, 2023.
             Succumbed to a kobold brigand's curare-tipped dart
             ... on level 4 of the Dungeon.
             The game lasted 00:05:37 (3814 turns).

frimble the Ruffian (Octopode Warper)               Turns: 3814, Time: 00:05:37

Health: -1/51      AC:  1    Str: 13    XL:     8   Next: 20%
Magic:  9/11       EV: 13    Int: 15    God:
Gold:   166        SH:  0    Dex: 11    Spells: 9/11 levels left

rFire   . .          .
                       - Unarmed
rCold   . . .        (no shield)
rNeg    . . .        (helmet restricted)
rPois   .            (no amulet)
rElec   .            (no ring)
rCorr   .            (no ring)
SInv    .            (no ring)
Will    .....        (no ring)
Stlth   +++          (no ring)
HPRegen 0.28/turn    (no ring)
MPRegen 0.12/turn    (no ring)
                     (no ring)

%: no passive effects
@: lethally poisoned (-1 -> -29), attractive, slowed, very slow
A: almost no armour, amphibious, 8 rings, camouflage 1, gelatinous body 1,
(nimble swimmer 1), tentacles
a: no special abilities


You were on level 4 of the Dungeon.
You visited 1 branch of the dungeon, and saw 4 of its levels.

You collected 166 gold pieces.

Inventory:

Missiles
 b - 7 boomerangs of dispersal
 g - 4 boomerangs
 o - 11 poisoned darts
Wands
 i - a wand of flame (5) (quivered)
 m - a wand of light (3)
Scrolls
 a - 2 scrolls of blinking
 c - a scroll of enchant weapon {unknown}
 d - 2 scrolls of teleportation {unknown}
 f - 2 scrolls of identify
 h - a scroll of amnesia
 j - 2 scrolls of immolation
Potions
 e - a potion of heal wounds
 k - a potion of haste
 l - 2 potions of attraction
 n - a potion of curing {unknown}


   Skills:
 + Level 2.7 Fighting
 - Level 1.1 Throwing
 + Level 3.0 Dodging
 + Level 2.1 Stealth
 - Level 6.4 Unarmed Combat
 - Level 2.1 Spellcasting
 - Level 4.0 Translocations
 - Level 5.6 Evocations


You had 9 spell levels left.
You knew the following spells:

 Your Spells              Type           Power      Damage    Failure   Level
a - Blink                 Tloc           26%        N/A       6%          2

Your spell library contained the following spells:

 Spells                   Type           Power      Damage    Failure   Level
 Lesser Beckoning         Tloc           26%        N/A       6%          2
 Gell's Gravitas          Tloc           13%        N/A       13%         3
 Teleport Other           Tloc           13%        N/A       13%         3
 Magic Dart               Conj           4%         1d3       22%         1
 Vhi's Electric Charge    Tloc/Air       14%        N/A       28%         3
 Searing Ray              Conj           2%         2d4       32%         2
 Manifold Assault         Tloc           13%        N/A       38%         4
 Fulminant Prism          Conj/Hex       0%         3d5       91%         4
 Dispersal                Tloc           6%         N/A       100%        6


Dungeon Overview and Level Annotations

Branches:
Dungeon (4/15)
 Temple: D:4-7

Altars:
Yredelemnul


Innate Abilities, Weirdness & Mutations

You cannot wear most types of armour.
You are amphibious.
You can wear up to eight rings at the same time.
Your skin changes colour to match your surroundings (Stealth+).
Your rubbery body absorbs attacks. (AC +1, EV +1)
((You are camouflaged when in or above water. (Stealth+)))
You have tentacles for arms and can constrict up to eight enemies at once.


Message History

You lose your grip on the kobold brigand.
You feel very sick. The kobold completely misses you.
You tentacle-slap the kobold. You grab the kobold. You squeeze the kobold.
You kill the kobold!
You feel sick.
The kobold brigand throws a curare-tipped dart.
The curare-tipped dart hits you.
You are lethally poisoned!
You have difficulty breathing.
You feel yourself slow down.
Aiming: Bolt of Light
Press: ? - help, Shift-Dir - straight line, f - kobold brigand
Aim: a kobold brigand, wielding a +0 dagger and quivering poisoned darts (67% to hit)
The bolt of light misses the kobold brigand.
The bolt of light hits the kobold!
You kill the kobold!
The bolt of light hits the kobold brigand!!
The kobold brigand is severely wounded.
The kobold brigand is blinded.
* * * LOW HITPOINT WARNING * * *
You feel extremely sick.
The kobold brigand throws a curare-tipped dart.
The curare-tipped dart hits you.
You are more poisoned.
You have difficulty breathing.
* * * LOW HITPOINT WARNING * * *
You feel as though you will be slow longer.
You feel much better.
You feel stable enough to blink again.
You feel extremely sick.
The kobold brigand throws a curare-tipped dart.
The curare-tipped dart hits you.
You are lethally poisoned!
You have difficulty breathing.
* * * LOW HITPOINT WARNING * * *
You feel as though you will be slow longer.
The kobold barely misses you.
It was a potion of attraction.
You feel attractive to monsters.
You die...

≈≈≈≈≈≈≈≈≈≈≈≈≈≈≈≈≈≈≈≈≈≈≈####
≈≈≈≈≈≈≈≈≈≈≈≈≈≈≈≈≈#####≈≈≈≈##
##################...#≈≈≈≈≈##
..#..............#K..#≈≈≈≈≈≈#
..).......^).....#...#≈≈≈≈≈≈##
###..........)...##K##≈≈≈≈≈≈≈#
......########....).#≈≈≈≈≈≈≈≈##
......# #..(KK.#≈≈≈≈≈≈≈≈≈#
......########..@K..#≈≈≈≈≈≈≈≈≈#
###..............##+##≈≈≈≈≈≈≈≈##
..'..............# #≈≈≈≈≈≈≈≈≈#
(.#..............# #≈≈≈≈≈≈≈≈≈#
################## #≈≈≈≈≈≈≈≈≈#
≈≈≈≈≈≈≈≈≈≈≈≈≈≈≈≈≈#####≈≈≈≈≈≈≈≈≈#
≈≈≈~≈≈≈≈~≈≈≈≈~≈≈≈≈≈≈≈≈≈≈≈≈≈≈≈≈≈#
~~~~~~~~~~~~~~~≈~~~~~~~~~≈~~~~≈#
..)~..~.~.~~.~~~~~~~..~~~.~~.~~#


You could see 2 kobold brigands and 2 kobolds.

Vanquished Creatures
  Pikel (D:4)
  Sigmund (D:3)
  A lemure (D:4)
  2 kobold brigands (D:4)
  A hound (D:4)
  A sleepcap (D:4)
  2 orc wizards (D:3)
  3 adders
  A gnoll (D:4)
  3 worms
  2 dart slugs (D:2)
  11 orcs
  3 ball pythons (D:3)
  7 bats
  5 endoplasms
  2 giant cockroaches
  5 goblins
  10 hobgoblins
  2 jackals (D:1)
  3 quokkas
  21 kobolds
  4 rats
91 creatures vanquished.

Notes
Turn   | Place    | Note
-------+----------+-------------------------------------------
     0 | D:1      | frimble the Octopode Warper began the quest for the Orb.
     0 | D:1      | Reached XP level 1. HP: 14/14 MP: 3/3
   174 | D:1      | Reached XP level 2. HP: 15/19 MP: 5/5
   177 | D:1      | Learned a level 2 spell: Blink
   831 | D:1      | Reached XP level 3. HP: 21/24 MP: 6/6
  1518 | D:4      | Found a basalt altar of Yredelemnul.
  1586 | D:4      | Reached skill level 3 in Unarmed Combat
  1586 | D:4      | Reached XP level 4. HP: 29/29 MP: 7/7
  1692 | D:4      | Noticed a lemure
  1715 | D:3      | Noticed Sigmund
  1741 | D:3      | Killed Sigmund
  1742 | D:3      | Reached skill level 4 in Unarmed Combat
  1742 | D:3      | Reached XP level 5. HP: 15/34 MP: 8/8
  1803 | D:3      | Reached XP level 6. HP: 34/39 MP: 9/9
  3324 | D:4      | Reached skill level 5 in Unarmed Combat
  3532 | D:4      | Noticed Pikel
  3553 | D:4      | Killed Pikel
  3554 | D:4      | Reached skill level 6 in Unarmed Combat
  3554 | D:4      | Reached skill level 5 in Evocations
  3554 | D:4      | Reached XP level 7. HP: 39/45 MP: 10/10
  3554 | D:4      | Reached XP level 8. HP: 43/50 MP: 11/11
  3625 | D:4      | Reached skill level 1 in Stealth
  3812 | D:4      | HP: 1/51 [asphyx]
  3814 | D:4      | Succumbed to a kobold brigand's curare-tipped dart

Illustrated notes

Levels and vault maps discovered:
D:1:      dpeg_arrival_morbid_curiosity, layout_loops_ring
D:2:      layout_basic, hex_medium
D:3:      layout_basic, uniq_sigmund
D:4:      minmay_goblin_kobold_castle, layout_basic,
          makhleb_blood_cavern_becter, yredelemnul_altar_generic, uniq_pikel

Skill      XL: |  1  2  3  4  5  6  7  8 |
---------------+-------------------------+-----
Unarmed Combat | 3 4 6 |  6.4
Translocations | 4 |  4.0
Evocations     | 2 5 |  5.6
Stealth        | 2 |  2.1
Dodging        | 3 |  3.0
Fighting       | |  2.7
Throwing       | |  1.1
Spellcasting   | |  2.1

Action                     |  1- 3 |  4- 6 |  7- 9 || total
---------------------------+-------+-------+-------++-------
  Melee: Unarmed           |    94 |    99 |    27 ||   220
         Constrict         |    25 |    20 |     9 ||    54
         Tentacles         |    22 |    17 |     7 ||    46
         Punch             |       |     3 |     1 ||     4
   Cast: Blink             |     3 |     2 |     1 ||     6
  Evoke: Wand              |       |    11 |     3 ||    14
    Use: Scroll            |     6 |       |       ||     6
         Potion            |       |     4 |     2 ||     6
   Stab: Sleeping          |     7 |     2 |     1 ||    10
 Armour: Skin              |    15 |     8 |     1 ||    24
  Dodge: Dodged            |    60 |    55 |    17 ||   132

Table legend: (Time is in decaauts)
 A = Elapsed time spent in this place.
 B = Non-inter-level travel time spent in this place.
 C = Inter-level travel time spent in this place.
 D = Time resting spent in this place.
 E = Time spent auto-exploring this place.
 F = Levels seen in this place.
 G = Mean time per level.
                   A        B        C        D        E       F      G
               +--------+--------+--------+--------+--------+-----+--------+
         Total |   3800 |   3610 |    190 |    168 |   2748 |   4 |  950.0 |
       Dungeon |   3800 |   3610 |    190 |    168 |   2748 |   4 |  950.0 |
               +--------+--------+--------+--------+--------+-----+--------+

Top non-repeatable levels by time:
     D:4: 1138 daAuts
     D:3: 941 daAuts
     D:1: 912 daAuts
     D:2: 808 daAuts
